 Dungeon Crawl Stone Soup version 0.27.1-3-gb3d3a73c9e (webtiles) character file.

Game seed: 4967695543574135808

427 styxcanada the Covert (level 6, -1/32 HPs)
             Began as a Spriggan Brigand on Oct 29, 2021.
             Slain by an elf zombie (2 damage)
             ... in an ossuary.
             The game lasted 00:19:48 (5409 turns).

styxcanada the Covert (Spriggan Brigand)            Turns: 5409, Time: 00:19:48

Health: -1/32      AC:  3    Str:  7    XL:     6   Next: 65%
Magic:  7/7        EV: 18    Int: 13    God:
Gold:   167        SH:  0    Dex: 18    Spells: 5/5 levels left

rFire    + . .     SeeInvis +   a - +2 dagger
rCold    . . .     Faith    .   (shield restricted)
rNeg     . . .     Spirit   .   b - +0 robe
rPois    .         Reflect  .   (helmet restricted)
rElec    .         Harm     .   c - +0 cloak
rCorr    .         Rampage  .   (gloves unavailable)
Will     +....                  (boots unavailable)
Stlth    ++++......             (no amulet)
HPRegen  0.10/turn              q - ring of protection from fire
MPRegen  0.10/turn              (no ring)

@: very quick
A: very small, no large weapons, unfitting armour, see invisible, speed 3
a: no special abilities


You were in an ossuary.
You visited 1 branch of the dungeon, and saw 4 of its levels.
You also visited: Ossuary.

You collected 167 gold pieces.

Inventory:

Hand Weapons
 a - a +2 dagger (weapon)
 i - a +0 hunting sling
 r - a +1 dagger of holy wrath
Missiles
 d - 33 poisoned darts (quivered)
 e - 2 curare-tipped darts
 k - 106 stones
 v - 10 boomerangs
 w - a throwing net
 B - 20 sling bullets
Armour
 b - a +0 robe (worn)
 c - a +0 cloak (worn)
Jewellery
 h - a ring of ice
 q - a ring of protection from fire (left hand)
 y - a ring of willpower
Scrolls
 g - 4 scrolls of teleportation
 l - a scroll of noise {unknown}
 o - a scroll of magic mapping {unknown}
 p - a scroll of fog {unknown}
 x - a scroll of blinking {unknown}
 z - a scroll of amnesia {unknown}
 A - 3 scrolls of vulnerability {unknown}
Potions
 f - a potion of ambrosia
 m - 2 potions of brilliance {unknown}
 n - a potion of lignification {unknown}
 s - 2 potions of degeneration {unknown}
 t - 2 potions of curing


   Skills:
 * Level 2.5 Fighting
 + Level 3.6 Short Blades
 + Level 3.2 Throwing
 * Level 3.6 Dodging
 * Level 8.8 Stealth
 * Level 0.2 Spellcasting
 * Level 1.6 Evocations


You had 5 spell levels left.
You didn't know any spells.
Your spell library contained the following spells:

 Spells                   Type           Power      Damage    Failure   Level
 Ensorcelled Hibernation  Hex/Ice        0%         N/A       43%         2
 Spider Form              Tmut/Pois      0%         N/A       67%         3
 Shadow Creatures         Summ           N/A        N/A       100%        6


Dungeon Overview and Level Annotations

Branches:
Dungeon (4/15)            Ossuary (1/1)
 Temple: D:4-7

Altars:
Elyvilon
Uskayaw


Innate Abilities, Weirdness & Mutations

You are very small and have problems with some larger weapons.
You are too small for most types of armour.
You have supernaturally acute eyesight. (SInv)
You cover ground extremely quickly. (Speed+++)


Message History

You barely miss the human zombie.
The human zombie is lightly damaged.
The human zombie misses you.
You hit the human zombie.
The human zombie is lightly damaged.
The human zombie misses you.
You hit the human zombie.
The human zombie is lightly damaged.
The centaur zombie hits you. The centaur zombie misses you.
The human zombie completely misses you. The elf zombie completely misses you.
You completely miss the human zombie.
The human zombie is lightly damaged.
The human zombie hits you.
* * * LOW HITPOINT WARNING * * *
You hit the human zombie.
The human zombie is lightly damaged.
The hound zombie closely misses you.
Unknown command.
You strike the helpless hobgoblin zombie from behind!
You impale the hobgoblin zombie!!
You destroy the hobgoblin zombie!
A human zombie is nearby!
There is a gate leading back out of this place here.
You closely miss the elf zombie.
The elf zombie is severely damaged.
The elf zombie hits you.
* * * LOW HITPOINT WARNING * * *
You barely miss the elf zombie.
The elf zombie is severely damaged.
The elf zombie hits you.
* * * LOW HITPOINT WARNING * * *
You closely miss the elf zombie.
The elf zombie is severely damaged.
You barely miss the elf zombie.
The elf zombie is severely damaged.
The elf zombie closely misses you.
Unknown command.
The elf zombie hits you.
You die...

###################
..................#
..................#
..###......#+#....#
.## ##....## ##...#
.# #....# #...# .#
#....# #...# ##
##..## ##@.# # #..#
#.Z# # #..# #.∩# #
#..# #..# # #..#
#..# # #..# #.∩# #
#..# #Z.# ## ##..##
##..# .# #....#
#...#


You could see an elf zombie and a human zombie.

Vanquished Creatures
  A scorpion (D:4)
  A human zombie (Ossuary)
  Natasha (thrice) (D:2)
  2 orc wizards (D:3)
  3 gnolls (D:3)
  6 adders
  A worm (D:2)
  2 dart slugs
  14 orcs
  7 ball pythons
  6 endoplasms
  5 giant cockroaches
  A gnoll zombie (D:4)
  4 hobgoblins (D:1)
  8 jackals
  5 kobolds
  2 quokkas
  3 bats
  4 frilled lizards
  4 goblins
  2 hobgoblin zombies (Ossuary)
  2 jackal zombies (Ossuary)
  A kobold zombie (Ossuary)
  3 quokka zombies (Ossuary)
  3 rats
  5 rat zombies (Ossuary)
98 creatures vanquished.

Vanquished Creatures (others)
  An orc wizard (D:3)
1 creature vanquished.

Grand Total: 99 creatures vanquished

Notes
Turn   | Place    | Note
-------+----------+-------------------------------------------
     0 | D:1      | styxcanada the Spriggan Brigand began the quest for the
                  | Orb.
     0 | D:1      | Reached XP level 1. HP: 10/10 MP: 2/2
    28 | D:1      | Reached skill level 6 in Stealth
   237 | D:1      | Reached XP level 2. HP: 12/15 MP: 3/3
  1353 | D:1      | Reached XP level 3. HP: 18/18 MP: 4/4
  1875 | D:2      | Reached skill level 7 in Stealth
  2325 | D:2      | Noticed Natasha
  2328 | D:2      | Killed Natasha
  2329 | D:2      | Reached XP level 4. HP: 23/23 MP: 5/5
  2370 | D:2      | Noticed Natasha
  2385 | D:2      | Killed Natasha
  2629 | D:2      | Found a hide-covered altar of Uskayaw.
  2787 | D:2      | Reached XP level 5. HP: 26/26 MP: 6/6
  2956 | D:2      | Noticed Natasha
  2979 | D:2      | Killed Natasha
  2980 | D:2      | Reached skill level 8 in Stealth
  4002 | D:3      | Reached XP level 6. HP: 18/31 MP: 7/7
  4176 | D:3      | Found a white marble altar of Elyvilon.
  4209 | D:3      | Reached skill level 1 in Evocations
  4924 | D:4      | Found a sand-covered staircase.
  4943 | Ossuary  | Entered an ossuary
  5405 | Ossuary  | HP: 1/32 [elf zombie (6)]
  5409 | Ossuary  | Slain by an elf zombie

Illustrated notes

Levels and vault maps discovered:
D:1:      amcnicky_arrival_wind_blow, layout_loops_cross
D:2:      minmay_alternating_diamond, layout_loops_ring, basic_altar,
          minmay_crystal_water, minmay_heptomino_d4, uniq_natasha
D:3:      layout_basic, elyvilon_altar_5
D:4:      layout_cave_pools, nemelex_diamond_rough_becter,
          lightli_temple_of_fire, yredelemnul_forgotten_temple_becter,
          enter_ossuary_3, moated_statue
Ossuary:  minmay_ossuary_two_tombs

Skill      XL: |  1  2  3  4  5  6 |
---------------+-------------------+-----
Stealth        | 6 7 8 |  8.8
Dodging        | 2 3 |  3.6
Fighting       | 2 |  2.5
Short Blades   | 3 |  3.6
Evocations     | 1 |  1.6
Throwing       | 3 |  3.2
Spellcasting   | |  0.2

Action                   |  1- 3 |  4- 6 || total
-------------------------+-------+-------++-------
Melee: Dagger            |   144 |   185 ||   329
Throw: Dart              |       |    97 ||    97
Evoke: Wand              |       |    13 ||    13
  Use: Scroll            |       |     3 ||     3
       Potion            |       |     1 ||     1
 Stab: Sleeping          |    10 |    11 ||    21
       Distracted        |     1 |     2 ||     3
Armor: Robe              |    17 |    27 ||    44
Dodge: Dodged            |    94 |   147 ||   241
